 Dungeon Sprint DCSS version 0.29-a0-330-g52719c12eb (webtiles) character file.

Game seed: 15331549678777941476

4713 HoaS the Grappler (level 10, -6/101 HPs)
             Began as a Ghoul Gladiator on May 29, 2022.
             Was a High Priest of Makhleb.
             Mangled by an eight-headed hydra (13 damage)
             ... in the Dungeon (Sprint IX: "|||||||||||||||||||||||||||||").
             The game lasted 00:04:13 (679 turns).

HoaS the Grappler (Ghoul Gladiator)                  Turns: 679, Time: 00:04:14

Health: -6/101     AC: 14    Str: 24    XL:     10   Next: 45%
Magic:  9/9        EV: 16    Int:  3    God:    Makhleb [*****.]
Gold:   31         SH:  0    Dex: 12    Spells: 9/9 levels left

rFire   . . .      SeeInvis .     - Unarmed
rCold   + . .      Faith    .   (no shield)
rNeg    + + +      Spirit   .   a - +0 acid dragon scales
rPois   ∞          Reflect  .   b - +0 helmet
rElec   .          Harm     .   m - +0 cloak
rCorr   +          Rampage  .   (no gloves)
Will    .....      NoTele   +   (no boots)
Stlth   +.........              (no amulet)
HPRegen 0.00/turn               p - +2 ring of protection
MPRegen 0.11/turn               q - +3 ring of strength

@: inhibited regen
A: claws 1, cold resistance 1, negative energy resistance 3, inhibited
regeneration, torment resistance 2, devour on kill
a: Renounce Religion, Minor Destruction, Lesser Servant of Makhleb, Major
Destruction, Greater Servant of Makhleb


You were in the Dungeon.
You worshipped Makhleb.
Makhleb was extremely pleased with you.
You visited 1 branch You collected 31 gold pieces.

Inventory:

Missiles
 c - 2 throwing nets (quivered)
 d - a javelin
Armour
 a - +0 acid dragon scales (worn)
 b - a +0 helmet (worn)
 m - a +0 cloak (worn)
Jewellery
 p - a +2 ring of protection (left claw)
 q - a +3 ring of strength (right claw)
Wands
 l - a wand of acid (10)
Scrolls
 i - 2 scrolls of blinking
 j - a scroll of fog
 k - 2 scrolls of amnesia
 n - 2 scrolls of enchant weapon
 o - 4 scrolls of fear
Potions
 e - 6 potions of curing
 f - 5 potions of heal wounds
 g - 2 potions of brilliance
 h - 4 potions of magic


   Skills:
 + Level 13.3 Fighting
 - Level 1.7 Throwing
 + Level 11.1 Armour
 + Level 11.5 Dodging
 + Level 14.3 Unarmed Combat


You had 9 spell levels left.
You didn't know any spells.
Your spell library contained the following spells:

 Spells                   Type           Power      Damage    Failure   Level
 Ensorcelled Hibernation  Hex/Ice        0%         N/A       73%         2
 Anguish                  Hex/Necr       0%         N/A       100%        4
 Spider Form              Tmut/Pois      Unusable   N/A       N/A         3

Dungeon Overview and Level Annotations

Branches:
Dungeon (1/1)

Altars:
Cheibriados
Dithmenos
Elyvilon
Fedhas
Gozag
Hepliaklqana
Kikubaaqudgha
Makhleb
Nemelex Xobeh
Okawaru
Qazlal
Ru
Sif Muna
Trog
Uskayaw
Vehumet
Wu Jian
Xom
Yredelemnul
Zin
The Shining One
Beogh
Jiyva
Lugonu


Innate Abilities, Weirdness & Mutations

You are immune to poison.
You have sharp fingernails.
Your flesh is cold resistant. (rC+)
You are immune to negative energy. (rN+++)
You do not regenerate when monsters are visible.
You are immune to unholy pain and torment.
You thrive by killing the living.


Message History

You mangle the komodo dragon!!
You kill the komodo dragon!
Makhleb accepts your kill.
You feel better.
You scratch the eight-headed hydra.
The eight-headed hydra is lightly wounded.
The eight-headed hydra bites you.
The eight-headed hydra closely misses you.
The eight-headed hydra completely misses you.
The eight-headed hydra bites you.
The eight-headed hydra barely misses you.
The eight-headed hydra bites you!
The eight-headed hydra closely misses you. x2
You claw the eight-headed hydra!
The eight-headed hydra is lightly wounded.
You claw the eight-headed hydra!
The eight-headed hydra is moderately wounded.
The eight-headed hydra bites you but does no damage. x2
The eight-headed hydra misses you. The eight-headed hydra bites you.
The eight-headed hydra bites you! The eight-headed hydra bites you.
The eight-headed hydra closely misses you.
The eight-headed hydra bites you.
You barely miss the eight-headed hydra. You claw the eight-headed hydra!
The eight-headed hydra is moderately wounded.
The eight-headed hydra bites you but does no damage.
The eight-headed hydra barely misses you.
The eight-headed hydra bites you! The eight-headed hydra misses you. x2
The eight-headed hydra closely misses you.
The eight-headed hydra bites you!
The eight-headed hydra barely misses you.
You claw the eight-headed hydra! x2
The eight-headed hydra is severely wounded.
The eight-headed hydra bites you! x3
* * * LOW HITPOINT WARNING * * *
The eight-headed hydra bites you.
* * * LOW HITPOINT WARNING * * *
The eight-headed hydra bites you.
* * * LOW HITPOINT WARNING * * *
The eight-headed hydra bites you!
You die...

▓.▓.▓.▓
▓.▓)▓.▓
▓.▓.▓.▓
▓.▓.▓.▓
▓'▓.▓.▓
▓_▓.▓.▓
▓_▓.▓.▓
▓_▓.▓.▓
▓_▓.▓@▓
▓_▓.▓D▓
▓_▓.▓D▓
▓_▓.▓h▓
▓_▓.▓l▓
▓_▓.▓S▓
▓_▓.▓.▓
▓_▓.▓.▓
▓_▓.▓


You could see an eight-headed hydra, a seven-headed hydra, a polar bear, a water
moccasin and a wyvern.

Vanquished Creatures
  Josephine (D)
  A centaur warrior (D)
  A two-headed ogre (D)
  An ugly thing (D)
  A black mamba (D)
  A cane toad (D)
  A kobold demonologist (D)
  A komodo dragon (D)
  2 trolls (D)
  5 wraiths (D)
  An acid dragon (D)
  A water moccasin (D)
  A sky beast (D)
  A kobold brigand (D)
  A wight (D)
  A hound (D)
  An iguana (D)
  2 orc wizards (D)
  An adder (D)
  An ufetubus (D)
  2 goblins (D)
  A hobgoblin (D)
  A ball python (D)
  A bat (D)
31 creatures vanquished.

Vanquished Creatures (others)
  A vampire mosquito (D)
1 creature vanquished.

Grand Total: 32 creatures vanquished

Notes
Turn   | Place    | Note
-------+----------+-------------------------------------------
     0 | D        | HoaS the Ghoul Gladiator began the quest for the Orb.
     0 | D        | Reached XP level 1. HP: 17/17 MP: 0/0
    13 | D        | Reached skill level 4 in Unarmed Combat
    21 | D        | Reached skill level 5 in Unarmed Combat
    26 | D        | Noticed a hound
    26 | D        | Noticed an iguana
    26 | D        | Noticed a sky beast
    37 | D        | Reached skill level 6 in Unarmed Combat
    37 | D        | Reached XP level 2. HP: 22/25 MP: 1/1
    42 | D        | Reached skill level 1 in Armour
    42 | D        | Reached XP level 3. HP: 25/31 MP: 2/2
    48 | D        | Reached skill level 7 in Unarmed Combat
    48 | D        | Reached XP level 4. HP: 34/40 MP: 3/3
    62 | D        | Killed a sky beast
    63 | D        | Reached skill level 5 in Fighting
    63 | D        | Reached skill level 5 in Dodging
    63 | D        | Reached skill level 8 in Unarmed Combat
    63 | D        | Reached XP level 5. HP: 17/49 MP: 4/4
   263 | D        | Found a snail-covered altar of Cheibriados.
   263 | D        | Found a shadowy altar of Dithmenos.
   263 | D        | Found a blossoming altar of Fedhas.
   263 | D        | Found an opulent altar of Gozag.
   264 | D        | Found a hazy altar of Hepliaklqana.
   265 | D        | Found a viscous altar of Jiyva.
   266 | D        | Found an ancient bone altar of Kikubaaqudgha.
   267 | D        | Found a corrupted altar of Lugonu.
   268 | D        | Found a burning altar of Makhleb.
   269 | D        | Found a sparkling altar of Nemelex Xobeh.
   270 | D        | Found an iron altar of Okawaru.
   271 | D        | Found a stormy altar of Qazlal.
   272 | D        | Found a sacrificial altar of Ru.
   273 | D        | Found a shimmering blue altar of Sif Muna.
   274 | D        | Found a bloodstained altar of Trog.
   275 | D        | Found a hide-covered altar of Uskayaw.
   276 | D        | Became a worshipper of Makhleb the Destroyer
   277 | D        | Found a radiant altar of Vehumet.
   278 | D        | Found an ornate altar of the Wu Jian Council.
   279 | D        | Found a shimmering altar of Xom.
   280 | D        | Found a basalt altar of Yredelemnul.
   334 | D        | Noticed a vampire mosquito
   334 | D        | Noticed a two-headed ogre
   334 | D        | Noticed a kobold brigand
   349 | D        | Killed a vampire mosquito
   350 | D        | Reached skill level 5 in Armour
   350 | D        | Reached XP level 6. HP: 18/58 MP: 5/5
   355 | D        | Killed a two-headed ogre
   356 | D        | Reached skill level 9 in Unarmed Combat
   356 | D        | Reached XP level 7. HP: 59/67 MP: 6/6
   360 | D        | Reached * piety under Makhleb
   361 | D        | Reached skill level 10 in Unarmed Combat
   382 | D        | Noticed a centaur warrior
   382 | D        | Noticed a kobold demonologist
   382 | D        | Noticed a troll
   382 | D        | Noticed a green ugly thing
   382 | D        | Noticed a troll
   387 | D        | Reached ** piety under Makhleb
   396 | D        | Killed a centaur warrior
   397 | D        | Reached skill level 10 in Fighting
   397 | D        | Reached skill level 11 in Unarmed Combat
   397 | D        | Reached XP level 8. HP: 67/79 MP: 7/7
   400 | D        | Killed a kobold demonologist
   404 | D        | Killed a troll
   405 | D        | Reached skill level 12 in Unarmed Combat
   405 | D        | Reached XP level 9. HP: 86/86 MP: 8/8
   413 | D        | Killed a green ugly thing
   413 | D        | Reached *** piety under Makhleb
   416 | D        | Killed a troll
   417 | D        | Reached skill level 10 in Dodging
   513 | D        | Reached skill level 13 in Unarmed Combat
   545 | D        | Reached **** piety under Makhleb
   546 | D        | Reached skill level 10 in Armour
   573 | D        | Noticed Josephine
   583 | D        | Killed Josephine
   584 | D        | Reached XP level 10. HP: 99/99 MP: 9/9
   658 | D        | Noticed a cane toad
   658 | D        | Noticed a black mamba
   658 | D        | Noticed an eight-headed hydra
   660 | D        | Killed a cane toad
   660 | D        | Reached ***** piety under Makhleb
   661 | D        | Reached skill level 14 in Unarmed Combat
   661 | D        | Noticed a seven-headed hydra
   665 | D        | Killed a black mamba
   679 | D        | Mangled by an eight-headed hydra

Illustrated notes

Levels and vault maps discovered:
D:        linesprint [early_d, line_temple, items_1, d_10, items_2, lair_1,
          lair_end, items_3, orc_1, orc_end, items_4, d_15, swamp_1, shoals_1,
          snake_1, spider_1, d_20, vaults_1, items_5, swamp_end, shoals_end,
          snake_end, spider_end, vaults_end, d_27, items_6, zot_1, zot_end,
          crypt_end, forest_end, elf_end, slime_end, tomb_end, abyss_end,
          pan_hell_end]

Skill      XL: |  1  2  3  4  5  6  7  8  9 10 |
---------------+-------------------------------+-----
Unarmed Combat | 6 7 8 9 11 12 13 14 | 14.3
Fighting       | 3 4 5 6 7 10 12 13 | 13.3
Armour         | 1 2 4 5 6 8 10 11 | 11.1
Dodging        | 3 4 5 6 8 9 10 11 | 11.5
Throwing       | |  1.7

Action                   |  1- 3 |  4- 6 |  7- 9 | 10-12 || total
-------------------------+-------+-------+-------+-------++-------
Melee: Unarmed           |    35 |    32 |    74 |    29 ||   170
       Punch             |       |     1 |     6 |     3 ||    10
Throw: Throwing net      |     2 |       |       |       ||     2
  Use: Potion            |       |     3 |     1 |       ||     4
 Stab: Invisible         |       |     1 |     1 |       ||     2
Armor: Leather armour    |     7 |     6 |       |       ||    13
       Scale mail        |       |     2 |    16 |       ||    18
       Acid dragon scale |       |       |     9 |     4 ||    13
Dodge: Dodged            |    26 |    12 |    30 |    25 ||    93

Table legend: (Time is in decaauts)
 A = Elapsed time spent in this place.
 B = Non-inter-level travel time spent in this place.
 C = Inter-level travel time spent in this place.
 D = Time resting spent in this place.
 E = Time spent auto-exploring this place.
 F = Levels seen in this place.
 G = Mean time per level.
                   A        B        C        D        E       F      G
               +--------+--------+--------+--------+--------+-----+--------+
         Total |    653 |    653 |      0 |    238 |     74 |   1 |  653.0 |
       Dungeon |    653 |    653 |      0 |    238 |     74 |   1 |  653.0 |
               +--------+--------+--------+--------+--------+-----+--------+

Top non-repeatable levels by time:
       D: 653 daAuts
